AoeStats
← john3206

Arena

511463290Analyzed
3v3 RM · 8d ago on Oct 5, 2026· 44m 58s· 6 players
Game mode
Random Map
Map size
Normal (6 player)
Population
200
Speed
Normal
Resources
Standard
Victory
Conquest
Starting age
Dark Age
Ending age
Imperial Age
RankedLock teamsTeams togetherTeam positionsShared explorationLock speedFull tech treeHidden civsTurbo modeCheats
Victory
Defeat
🇵🇪 Turks · Peru
1196
+13
🇨🇳 Mongols · China
1154
+14
🇧🇷 Bohemians · Brazil
1095
+18
vs
🇺🇸 Poles · United States
1122
-15
🇺🇸 Wu · United States
1121
-15
🇺🇸 Teutons · United States
1116
-15
Rodent Born Out of Wedlock
9:48 Feudal Age
12:08 Forging
12:20 Loom
16:41 Castle Age
14:41 Man-at-Arms
15:09 Arson
15:31 Double-Bit Axe
15:29 Horse Collar
16:17 Gold Mining
16:42 Scale Mail Armor
17:35 Squires
21:26 Chain Mail Armor
23:38 Iron Casting
32:13 Heavy Plow
32:27 Bow Saw
33:31 Wheelbarrow
33:49 Fletching
33:55 Stone Mining
34:13 Padded Archer Armor
35:28 Hand Cart
36:37 Bloodlines
36:32 Bodkin Arrow
39:42 Leather Archer Armor
40:06 Stone Shaft Mining
43:47 Imperial Age
banthafodder
10:59 Feudal Age
16:04 Castle Age
15:27 Double-Bit Axe
21:51 Wheelbarrow
23:14 Bow Saw
24:55 Scale Mail Armor
25:05 Forging
24:45 Town Watch
25:16 Hand Cart
25:56 Gold Mining
26:46 Loom
29:56 Imperial Age
27:16 Loom
27:18 Pikeman
27:58 Squires
27:44 Arson
28:03 Padded Archer Armor
27:53 Fletching
27:51 Elite Skirmisher
30:52 Ballistics
30:51 Leather Archer Armor
32:52 Two-Man Saw
34:58 Chemistry
33:32 Halberdier
34:30 Chain Mail Armor
34:52 Iron Casting
34:13 Bodkin Arrow
34:29 Heavy Scorpion
37:22 Ring Archer Armor
37:53 Blast Furnace
37:13 Siege Engineers
37:34 Conscription
39:01 Plate Mail Armor
41:45 Town Patrol
42:30 Fortified Wall
42:31 Masonry
43:45 Crenellations
44:55 Hoardings
john3206
10:36 Feudal Age
15:51 Castle Age
14:04 Double-Bit Axe
14:26 Loom
16:33 Fletching
20:33 Gold Mining
20:36 Horse Collar
22:43 Bow Saw
26:03 Wheelbarrow
25:24 Town Watch
30:22 Bodkin Arrow
33:17 Imperial Age
31:55 Hand Cart
34:03 Szlachta Privileges
33:20 Light Cavalry
33:22 Cavalier
34:13 Bloodlines
34:03 Husbandry
35:19 Chemistry
34:25 Siege Engineers
35:47 Fortified Wall
35:42 Siege Engineers
36:38 Thumb Ring
36:29 Elite Skirmisher
Kiyopon
10:07 Feudal Age
15:34 Castle Age
13:52 Loom
14:19 Double-Bit Axe
14:38 Horse Collar
15:46 Stone Mining
21:59 Wheelbarrow
24:51 Gold Mining
26:16 Heavy Plow
31:07 Imperial Age
30:26 Gold Shaft Mining
30:55 Bow Saw
31:28 Hand Cart
32:26 Conscription
33:03 Elite Janissary
35:14 Artillery
38:06 Scale Barding Armor
38:13 Forging
39:04 Bloodlines
38:54 Husbandry
40:50 Chain Barding Armor
41:06 Iron Casting
40:55 Cavalier
42:48 Plate Barding Armor
43:14 Blast Furnace
42:28 Fletching
42:39 Padded Archer Armor
44:38 Town Watch
44:51 Bodkin Arrow
45:11 Leather Archer Armor
45:09 Masonry
44:55 Murder Holes
44:40 Treadmill Crane
45:21 Ballistics
GaloDoido
11:07 Feudal Age
15:19 Castle Age
13:54 Double-Bit Axe
14:33 Horse Collar
17:10 Bow Saw
20:55 Fervor
33:40 Loom
43:36 Padded Archer Armor
47:44 Imperial Age
big niao
8:03 Feudal Age
8:36 Horse Collar
8:43 Double-Bit Axe
15:53 Castle Age
15:25 Gold Mining
15:35 Stone Mining
17:22 Heavy Plow
17:40 Bow Saw
23:16 Wheelbarrow
23:28 Ballistics
23:05 Fletching
23:15 Padded Archer Armor
28:35 Imperial Age
26:21 Bodkin Arrow
27:12 Bloodlines
27:09 Husbandry
27:34 Leather Archer Armor
30:00 Conscription
29:01 Elite Mangudai
30:00 Bracer
31:12 Drill
31:58 Chemistry
33:38 Hand Cart
33:38 Thumb Ring
33:58 Parthian Tactics
34:50 Forging
34:45 Scale Barding Armor
34:35 Light Cavalry
38:57 Iron Casting
38:43 Chain Barding Armor
39:07 Capped Ram
40:21 Siege Ram
42:21 Blast Furnace
41:40 Siege Engineers
41:13 Hussar
Connection lost

Rejoining the realm…

Still unreachable

The connection could not be restored.

Session expired

The server has moved on; the page needs a fresh start.